 Dungeon Crawl Stone Soup version 0.30.0-20-g3b4254fcbd (webtiles) character file.

Game seed: 8968700501170717406

355 Revguard the Trooper (level 6, -1/57 HPs)
             Began as a Ghoul Necromancer on June 2, 2023.
             Slain by a black bear (7 damage)
             ... on level 4 of the Dungeon.
             The game lasted 00:10:41 (3111 turns).

Revguard the Trooper (Ghoul Necromancer)            Turns: 3111, Time: 00:10:42

Health: -1/57      AC: 10    Str: 14    XL:     6   Next: 63%
Magic:  10/10      EV:  7    Int: 10    God:
Gold:   63         SH:  0    Dex:  9    Spells: 4/12 levels left

rFire   + + .        d - +0 hand axe (vamp)
rCold   + . .        (no shield)
rNeg    + + +        m - +0 chain mail
rPois   ∞            q - +0 helmet
rElec   .            (no cloak)
rCorr   .            (no gloves)
SInv    .            (no boots)
Will    .....        n - amulet of the acrobat Stlth
                     c - ring of protection from fire
HPRegen 0.00/turn    l - ring of protection from fire
MPRegen 0.12/turn

%: acrobat
@: about to teleport, inhibited regen
A: claws 1, cold resistance 1, negative energy resistance 3, inhibited
regeneration, torment resistance 2, devour on kill
a: no special abilities


You were on level 4 of the Dungeon.
You visited 1 branch of the dungeon, and saw 4 of its levels.

You collected 63 gold pieces.

Inventory:

Hand Weapons
 d - a +0 vampiric hand axe (weapon)
Armour
 m - a +0 chain mail (worn)
 q - a +0 helmet (worn)
Jewellery
 c - a ring of protection from fire (left claw)
 l - a ring of protection from fire (right claw)
 n - an amulet of the acrobat (around neck)
 o - an amulet of regeneration
Scrolls
 h - 2 scrolls of teleportation
Potions
 b - a potion of magic
 e - a potion of mutation
 f - 3 potions of berserk rage
 g - 3 potions of brilliance
 i - 2 potions of cancellation


   Skills:
 + Level 5.7 Fighting
 + Level 4.7 Axes
 + Level 4.7 Armour
 + Level 3.9 Dodging
 + Level 5.3 Stealth
 + Level 3.6 Spellcasting
 + Level 5.7 Necromancy
 + Level 3.5 Evocations


You had 4 spell levels left.
You knew the following spells:

 Your Spells              Type           Power      Damage    Failure   Level
a - Necrotise             Necr           52%        1d6       36%         1
b - Vampiric Draining     Necr           13%        2d6       73%         3
c - Anguish               Hex/Necr       3%         N/A       100%        4

Your spell library contained the following spells:

 Spells                   Type           Power      Damage    Failure   Level
 Animate Dead             Necr           13%        N/A       98%         4
 Ensorcelled Hibernation  Hex/Ice        2%         N/A       99%         2
 Summon Ice Beast         Ice/Summ       1%         N/A       100%        4
 Agony                    Necr           13%        N/A       100%        5
 Summon Mana Viper        Hex/Summ       1%         N/A       100%        5
 Monstrous Menagerie      Summ           0%         N/A       100%        7
 Spider Form              Tmut/Pois      Unusable   N/A       N/A         3

Dungeon Overview and Level Annotations

Branches:
Dungeon (4/15)
 Temple: D:4-7

Altars:


Innate Abilities, Weirdness & Mutations

You are immune to poison.
You have sharp fingernails.
Your flesh is cold resistant. (rC+)
You are immune to negative energy. (rN+++)
You do not regenerate when monsters are visible.
You are immune to unholy pain and torment.
You thrive by killing the living.


Message History

The black bear claws you but does no damage.
The black bear claws you. The scorpion barely misses you.
The black bear bites you but does no damage.
The black bear claws you.
The black bear claws you but does no damage.
You hit the black bear.
You feel better.
The black bear is severely wounded.
You barely miss the scorpion. The scorpion barely misses you.
The black bear goes berserk!
You barely miss the black bear.
The black bear is severely wounded.
You barely miss the scorpion. The black bear bites you.
The black bear claws you but does no damage.
The black bear claws you. The scorpion barely misses you.
You hit the black bear.
The black bear is severely wounded.
You closely miss the scorpion. The black bear barely misses you.
The black bear claws you. The black bear barely misses you.
The scorpion completely misses you. The black bear bites you.
The black bear barely misses you. The black bear claws you.
* * * LOW HITPOINT WARNING * * *
You barely miss the black bear.
The black bear is severely wounded.
You closely miss the scorpion.
The scorpion stings you but does no damage.
The black bear bites you.
* * * LOW HITPOINT WARNING * * *
The black bear barely misses you.
The black bear claws you but does no damage.
The scorpion stings you but does no damage.
As you read the scroll of teleportation, it crumbles to dust.
You feel strangely unstable.
The black bear bites you but does no damage.
The black bear claws you.
* * * LOW HITPOINT WARNING * * *
The black bear claws you but does no damage.
The scorpion stings you.
* * * LOW HITPOINT WARNING * * *
The black bear bites you!
You die...

.# # .#### #.
...# #.#..#..+
#.......###
#...# # #
#.#.#####
....#.#........
#)...Js@..#..##
...##W##h......
#.. .###... ?..
.. #. #.#. .##
...# .. #. ..
.. ## #<


You could see a black bear (berserk), a phantom, a scorpion and an endoplasm.

Vanquished Creatures
  A sleepcap (D:3)
  Terence (D:2)
  Robin (D:3)
  4 adders
  2 worms (D:3)
  2 dart slugs
  6 bats
  2 endoplasms
  A giant cockroach (D:3)
  11 goblins
  11 hobgoblins
  5 jackals
  8 kobolds
  2 quokkas
  6 ball pythons
  5 frilled lizards
  8 rats
76 creatures vanquished.

Vanquished Creatures (collateral kills)
  2 hobgoblins (D:1)
2 creatures vanquished.

Grand Total: 78 creatures vanquished

Notes
Turn   | Place    | Note
-------+----------+-------------------------------------------
     0 | D:1      | Revguard the Ghoul Necromancer began the quest for the Orb.
     0 | D:1      | Reached XP level 1. HP: 14/14 MP: 2/2
   178 | D:1      | Reached XP level 2. HP: 22/22 MP: 0/3
   650 | D:1      | Reached XP level 3. HP: 23/27 MP: 4/4
   896 | D:1      | Learned a level 3 spell: Vampiric Draining
   925 | D:1      | Found a faded altar of an unknown god.
  1217 | D:2      | Noticed Terence
  1225 | D:2      | Killed Terence
  1226 | D:2      | Reached skill level 1 in Fighting
  1226 | D:2      | Reached skill level 1 in Armour
  1226 | D:2      | Reached skill level 1 in Evocations
  1226 | D:2      | Reached XP level 4. HP: 22/35 MP: 1/6
  2156 | D:3      | Reached skill level 1 in Axes
  2229 | D:3      | Noticed Robin
  2270 | D:3      | Killed Robin
  2271 | D:3      | Reached XP level 5. HP: 11/40 MP: 7/7
  2615 | D:3      | Learned a level 4 spell: Anguish
  2986 | D:3      | Reached skill level 5 in Fighting
  2986 | D:3      | Reached skill level 5 in Stealth
  2986 | D:3      | Reached skill level 5 in Necromancy
  2986 | D:3      | Reached XP level 6. HP: 57/57 MP: 7/10
  3093 | D:4      | Noticed a black bear
  3111 | D:4      | Slain by a black bear

Illustrated notes

Levels and vault maps discovered:
D:1:      amcnicky_arrival_feature_with_door, layout_basic,
          nicolae_ecumenical_snake_handling
D:2:      layout_loops_ring, chequers_serial_rivers_micro_d, uniq_terence
D:3:      layout_loops_ring, uniq_robin
D:4:      layout_basic, nicolae_ru_great_annihilating_truth,
          minmay_temple_entry_antechambers, minmay_fractal_squares_5,
          uniq_eustachio, uniq_blork_the_orc

Skill      XL: |  1  2  3  4  5 |
---------------+----------------+-----
Dodging        | 2 3 |  3.9
Spellcasting   | 2 3 |  3.6
Fighting       | 1 5 |  5.7
Armour         | 1 4 |  4.7
Evocations     | 1 3 |  3.5
Axes           | 1 4 |  4.7
Stealth        | 3 5 |  5.3
Necromancy     | 5 |  5.7

Action                     |  1- 3 |  4- 6 || total
---------------------------+-------+-------++-------
  Melee: Unarmed           |    24 |       ||    24
         Mace              |    50 |       ||    50
         Hand axe          |       |   205 ||   205
         Punch             |       |     5 ||     5
   Cast: Necrotise         |    20 |       ||    20
         Vampiric Draining |     2 |       ||     2
    Use: Scroll            |     2 |     5 ||     7
         Potion            |       |     7 ||     7
   Stab: Sleeping          |     1 |       ||     1
 Armour: Robe              |    24 |       ||    24
         Chain mail        |       |   165 ||   165
  Dodge: Dodged            |    64 |    92 ||   156
